 Dungeon Crawl Stone Soup version 0.30-a0-743-gbfdf073431 (webtiles) character file.

Game seed: 2554922662995798995

203 mopl the Insei (level 6, -3/42 HPs)
             Began as a Djinni Transmuter on Feb 7, 2023.
             Slain by Terence
             ... wielding the +7 Throatcutter {drain, coup de grace}
              (16 damage)
             ... on level 3 of the Dungeon.
             The game lasted 00:02:58 (1925 turns).

mopl the Insei (Djinni Transmuter)                  Turns: 1925, Time: 00:02:59

Health: -3/42      AC:  2    Str: 11    XL:     6   Next: 8%
Gold:   120        EV: 19    Int: 14    God:
                   SH:  0    Dex: 19

rFire   . . .      SeeInvis .      - Unarmed
rCold   . . .      Faith    .    (shield currently unavailable)
rNeg    . . .      Spirit   .    (body armour currently unavailable)
rPois   ∞          Reflect  .    (helmet currently unavailable)
rElec   .          Harm     .    (cloak currently unavailable)
rCorr   .          Rampage  .    (gloves currently unavailable)
Will    .....                    (boots unavailable)
Stlth   ++                       (no amulet)
HPRegen 0.27/turn                (no ring)
MPRegen 0.00/turn                (no ring)

@: spider-form (expiring), flying
A: venomous fangs, flying, sickness immunity, tiny, (fire resistance 2), (cold
vulnerability 1), float, innate caster, HP casting, extra vitality 1
a: End Transformation


You were on level 3 of the Dungeon.
You were a venomous arachnid creature.
You visited 1 branch of the dungeon, and saw 3 of its levels.

You collected 120 gold pieces.

Inventory:

Armour
 a - a +0 robe (melded)
 j - a +0 cloak (melded)
 l - a +0 pair of gloves (melded)
Scrolls
 c - a scroll of immolation {unknown}
 d - a scroll of enchant weapon {unknown}
 e - 2 scrolls of fog {unknown}
 f - a scroll of vulnerability {unknown}
 g - 4 scrolls of identify
 h - a scroll of brand weapon {unknown}
Potions
 b - a potion of haste
 i - 2 potions of curing
 k - a potion of lignification {!q}


   Skills:
 - Level 1.0 Fighting
 - Level 2.1 Dodging
 * Level 5.4 Unarmed Combat
 + Level 2.8 Spellcasting


You couldn't memorise any spells.
You knew the following spells:

 Your Spells              Type           Power      Damage    Failure   Level
a - Beastly Appendage     Tmut           18%        N/A       19%         1
b - Spider Form           Tmut/Pois      9%         N/A       41%         3
c - Foxfire               Conj/Fire      36%        2x1d5     19%         1
d - Ice Form              Ice/Tmut       9%         N/A       77%         4
e - Blink                 Tloc           18%        N/A       26%         2
w - Wereblood             Tmut           9%         N/A       26%         2
Your spell library was empty.

Dungeon Overview and Level Annotations

Branches:
Dungeon (3/15)

Altars:
Cheibriados

Annotations:
D:3 Terence


Innate Abilities, Weirdness & Mutations

You are a venomous arachnid creature.
You have venomous fangs.
You are tiny and dextrous.
You are flying.
Your spellcasting is less reliable in this form.
Your armour is entirely melded.
You are incapable of wielding weapons or throwing items.
You are immune to sickness and miasma.
You are immune to poison.
((Your flesh is very heat resistant. (rF++)))
((You are vulnerable to cold. (rC-)))
You float through the air rather than walking.
You learn spells naturally, not from books.
Your magical power is your life essence.
You have superior vitality. (+4 MHP)


Message History

There is an open door here.
A giant cockroach comes into view.
Found a quarterstaff.
A rat comes into view.
The giant cockroach closely misses you. x2
You punch the giant cockroach!
You kill the giant cockroach!
The rat closely misses you.
You closely miss the rat. The rat misses you.
You hit the rat but do no damage. The rat barely misses you.
You hit the rat.
You kill the rat!
No target in view!
No target in view!
No target in view!
No target in view!
No target in view!
Terence the Incautious comes into view.
He is wielding the +7 Throatcutter {drain, coup de grace}.
Terence shouts!
Terence drinks a potion.
Terence seems to speed up.
Casting: Beastly Appendage (safe; 7% risk of failure)
Confirm with . or Enter, or press ? or * to list all spells.
The spell is quite dangerous to miscast (21% risk of failure)!
Continue anyway?
You turn into a venomous arachnid creature.
Your +0 cloak melds into your body.
Your +0 pair of gloves melds into your body.
Your +0 robe melds into your body.
Terence says, "Time to say good-bye..."
You barely miss Terence. Terence misses you.
You barely miss Terence.
Your transformation is almost over.
Terence hits you with the +7 Throatcutter {drain, coup de grace}! x2
You are too injured to fight recklessly!
You are too injured to fight recklessly!
You completely miss Terence.
Terence hits you with the +7 Throatcutter {drain, coup de grace}!
You hit Terence.
Terence is poisoned.
Terence is moderately wounded.
Terence hits you with the +7 Throatcutter {drain, coup de grace}!
You die...

### ... .. ..
#############.#
+.........s.#.#
#.......###@#.#.#.#
#....)..# #......?#
#.....†.#####.#.#.#
#.............#
#######.#######
#####.# #.....#
#.#####


You could see Terence (fast, very poisoned).

Vanquished Creatures
  An iguana (D:3)
  Natasha (thrice) (D:2)
  4 adders
  A worm (D:3)
  3 dart slugs
  6 endoplasms
  4 giant cockroaches
  6 goblins
  6 hobgoblins
  4 kobolds
  3 quokkas
  5 ball pythons
  4 bats
  3 frilled lizards (D:1)
  7 rats
60 creatures vanquished.

Notes
Turn   | Place    | Note
-------+----------+-------------------------------------------
     0 | D:1      | mopl the Djinni Transmuter began the quest for the Orb.
     0 | D:1      | mopl set off with the following spells memorised: Beastly
                  | Appendage, Wereblood, Spider Form, Ice Form.
     0 | D:1      | Reached XP level 1. HP: 17/17 MP: 0/0
    45 | D:1      | Reached XP level 2. HP: 15/22 MP: 0/0
   249 | D:1      | Reached XP level 3. HP: 21/27 MP: 0/0
   249 | D:1      | Learned a level 1 spell: Foxfire
   273 | D:1      | Reached skill level 2 in Spellcasting
   552 | D:2      | Reached skill level 4 in Unarmed Combat
   559 | D:2      | Noticed Natasha
   564 | D:2      | HP: 1/40 [Natasha (7)]
   565 | D:2      | Killed Natasha
   566 | D:2      | Reached XP level 4. HP: 1/32 MP: 0/0
   890 | D:2      | Noticed Natasha
   897 | D:2      | Killed Natasha
   898 | D:2      | Reached XP level 5. HP: 19/37 MP: 0/0
   898 | D:2      | Learned a level 2 spell: Blink
  1030 | D:2      | Found a snail-covered altar of Cheibriados.
  1373 | D:2      | Noticed Natasha
  1379 | D:2      | Killed Natasha
  1380 | D:2      | Reached skill level 5 in Unarmed Combat
  1703 | D:3      | Reached XP level 6. HP: 32/42 MP: 0/0
  1917 | D:3      | Noticed Terence
  1925 | D:3      | Slain by Terence

Illustrated notes

Levels and vault maps discovered:
D:1:      ebering_hopf_link, layout_rooms
D:2:      layout_loops_ring, basic_altar, uniq_natasha
D:3:      layout_basic, uniq_grinder, uniq_terence

Skill      XL: |  1  2  3  4  5 |
---------------+----------------+-----
Spellcasting   | 2 |  2.8
Unarmed Combat | 4 5 |  5.4
Fighting       | |  1.0
Dodging        | |  2.1

Action                     |  1- 3 |  4- 6 || total
---------------------------+-------+-------++-------
  Melee: Unarmed           |   103 |   134 ||   237
         Headbutt          |    10 |     3 ||    13
         Punch             |     5 |     5 ||    10
   Cast: Beastly Appendage |    11 |     7 ||    18
         Spider Form       |       |     4 ||     4
    Use: Potion            |     1 |       ||     1
         Scroll            |       |     2 ||     2
   Stab: Sleeping          |       |     1 ||     1
 Armour: Robe              |    31 |    19 ||    50
         Skin              |     5 |       ||     5
  Dodge: Dodged            |    71 |    72 ||   143

Table legend: (Time is in decaauts)
 A = Elapsed time spent in this place.
 B = Non-inter-level travel time spent in this place.
 C = Inter-level travel time spent in this place.
 D = Time resting spent in this place.
 E = Time spent auto-exploring this place.
 F = Levels seen in this place.
 G = Mean time per level.
                   A        B        C        D        E       F      G
               +--------+--------+--------+--------+--------+-----+--------+
         Total |   1912 |   1886 |     26 |    327 |   1073 |   3 |  637.3 |
       Dungeon |   1912 |   1886 |     26 |    327 |   1073 |   3 |  637.3 |
               +--------+--------+--------+--------+--------+-----+--------+

Top non-repeatable levels by time:
     D:2: 921 daAuts
     D:3: 497 daAuts
     D:1: 492 daAuts
